 Dungeon Crawl Stone Soup version 0.16-a0-3827-g034e2a6 (webtiles) character file.

3149 Duskembrace the Grappler (level 9, -7/64 HPs)
             Began as a Black Draconian Transmuter on Jan 29, 2015.
             Was a Believer of Sif Muna.
             Mangled by an orc warrior
             ... wielding a +0 halberd
              (26 damage)
             ... on level 8 of the Dungeon.
             The game lasted 00:30:33 (9672 turns).

Duskembrace the Grappler (DrTm)                     Turns: 9672, Time: 00:30:33

Health: -7/64      AC:  2    Str: 16    XL:     9   Next: 62%
Magic:  18/20      EV: 19    Int: 18    God:    Sif Muna [**....]
Gold:   413        SH:  0    Dex: 16    Spells: 4 memorised, 4 levels left

rFire  . . .     SeeInvis .       - Unarmed
rCold  . . .     Clarity  .     (armour unavailable)
rNeg   . . .     SustAb   .     (shield currently unavailable)
rPois  x         Gourm    .     (helmet currently unavailable)
rElec  .         Spirit   .     f - melded +0 cloak
rCorr  .         Warding  .     q - melded +0 pair of gloves (curse)
rMut   .         Stasis   .     r - melded +0 pair of boots
MR     .....                    (no amulet)
Stlth  +.........               o - +4 ring of strength
                                k - +1 ring of slaying

@: spider-form (expiring), not resistant to hostile enchantments, very
unstealthy
A: (breathe lightning), unfitting armour, (electricity resistance),
(cold-blooded), AC +7
a: End Transformation, Channel Energy, Forget Spell, Renounce Religion


You were on level 8 of the Dungeon.
You worshipped Sif Muna.
Sif Muna was pleased with you.
You were not hungry.
You were a venomous arachnid creature.
You visited 2 branches of the dungeon, and saw 9 of its levels.

You collected 463 gold pieces.
You spent 50 gold pieces at shops.

Inventory:

Hand weapons
 i - a +1 dagger of electrocution
 w - a +0 trident of protection
Missiles
 b - 89 arrows
 t - 12 tomahawks
 u - 13 javelins (quivered)
 J - 8 curare-tipped needles
 K - 2 throwing nets
 M - 16 poisoned arrows
Armour
 f - a +0 cloak (melded)
 q - a cursed +0 pair of gloves (melded)
 r - a +0 pair of boots (melded)
 D - a +0 shield
Jewellery
 k - a +1 ring of slaying (left front leg)
 o - a +4 ring of strength (right front leg)
 s - an uncursed ring of ice
 B - an uncursed ring of poison resistance
 N - a cursed ring of loudness {unknown}
 Q - an uncursed ring of protection from magic
Magical devices
 I - a wand of hasting (7)
Scrolls
 c - 6 scrolls of remove curse {unknown}
 e - 6 scrolls of identify {unknown}
 g - 2 scrolls of enchant weapon {unknown}
 m - 3 scrolls of magic mapping {unknown}
 v - a scroll of immolation {unknown}
 x - 2 scrolls of random uselessness {unknown}
 y - 3 scrolls of recharging {unknown}
 A - 3 scrolls of teleportation {unknown}
 C - a scroll of noise {unknown}
 E - a scroll of fog {unknown}
 P - a scroll of enchant armour {unknown}
 R - a scroll of vulnerability {unknown}
 T - a scroll of summoning {unknown}
Potions
 h - a potion of mutation {unknown}
 j - 2 potions of curing
 l - 2 potions of brilliance {unknown}
 n - 3 potions of cancellation {unknown}
 p - 6 potions of invisibility {unknown}
 z - 2 potions of restore abilities {unknown}
 G - a potion of agility
Books
 d - a book of Changes

   Spells                             Type                      Level
   a - Beastly Appendage              Transmutation                1
   b - Sticks to Snakes               Transmutation                2
   c - Spider Form                    Transmutation/Poison         3
   d - Ice Form                       Ice/Transmutation            4
   e - Blade Hands                    Transmutation                5
 F - a book of Spatial Translocations

   Spells                             Type                      Level
   a - Apportation                    Translocation                1
   b - Blink                          Translocation                2
   c - Shroud of Golubria             Charms/Translocation         2
   d - Portal Projectile              Translocation                3
   e - Teleport Other                 Translocation                3
   f - Passage of Golubria            Translocation                4
Comestibles
 a - 5 bread rations
 H - a meat ration
 L - 5 beef jerkies
 O - a slice of pizza
 S - 6 chunks of flesh


   Skills:
 - Level 1.1 Fighting
 - Level 1.7 Dodging
 - Level 10.0 Unarmed Combat
 + Level 4.7 Spellcasting
 * Level 8.7 Transmutations


You had 4 spell levels left.
You knew the following spells:

 Your Spells              Type           Power        Failure   Level  Hunger
a - Beastly Appendage     Trmt           #####.       3%          1    None
b - Spider Form           Trmt/Pois      ###.......   24%         3    ###....
c - Blade Hands           Trmt           #####.....   32%         5    ######.
d - Ice Form              Ice/Trmt       ###.....     45%         4    ####...


Dungeon Overview and Level Annotations

Branches:
Dungeon (8/15)             Temple (1/1) D:6
   Lair: D:8-11

Altars:
Ashenzari
Cheibriados
Dithmenos
Elyvilon
Fedhas
Gozag
Kikubaaqudgha
Makhleb
Nemelex Xobeh
Okawaru
Qazlal
Ru
Sif Muna
Trog
Vehumet
Xom
Yredelemnul
Zin
The Shining One

Shops:
D:4 !


Innate Abilities, Weirdness & Mutations

((You can breathe wild blasts of lightning.))
((Your glossy black scales are hard (AC +7).))
Your body does not fit into most forms of armour.
((You are resistant to electric shocks.))
((Your cold-blooded metabolism reacts poorly to cold.))


Message History

You turn into a venomous arachnid creature.
Your +0 cloak melds into your body.
Your cursed +0 pair of gloves melds into your body.
Your +0 pair of boots melds into your body.
You hit the orc warrior but do no damage.
The orc warrior is poisoned.
The orc warrior hits you with a halberd!
You hit the orc warrior but do no damage.
The orc warrior looks even sicker.
The orc warrior misses you.
You hit the orc warrior but do no damage.
The orc warrior is lightly wounded.
You hit the orc warrior.
The orc warrior is moderately wounded.
Your transformation is almost over.
The orc warrior hits you with a halberd!!
* * * LOW HITPOINT WARNING * * *
You hit the orc warrior.
The orc warrior is heavily wounded.
The orc warrior hits you with a halberd!!
You die...

.####......# .+..)....#.#
.#....#....#. #
.#......#..#.# .#
.#)...###..#.### .#
.#.#######.#.#.. ..# ##.#
#..#.#.#.###.#####
#.####..#...#.#.o.....#
##.......#...#.#s#
........)#...#.#.#########
.............#.#..........
..)......#...#..).........
...............##########
...............#
...............#
#########......####
##'#......#


You could see an orc warrior.

Vanquished Creatures
  Pikel (D:6)
  A troll (D:8)
  Grinder (D:4)
  Eustachio (D:5)
  A hippogriff (D:8)
  Menkaure (D:5)
  2 ice beasts (D:6)
  A slave (D:6)
  An orc warrior (D:8)
  4 ogres
  A centaur (D:8)
  A giant frog (D:6)
  A scorpion (D:6)
  A goliath beetle (D:8)
  3 hounds
  6 jellies
  2 giant frog zombies
  An orc priest (D:8)
  A centaur skeleton (D:4)
  An iguana (D:4)
  A hell rat (D:7)
  4 worker ants
  Ijyb (D:3)
  A worker ant zombie (D:7)
  16 adders
  2 gnolls (D:4)
  5 river rats (D:7)
  3 shadow imps
  2 giant mites (D:3)
  2 worms (D:3)
  An adder skeleton (D:4)
  3 oozes
  24 orcs
  16 bats
  3 bat skeletons
  A bat zombie (D:7)
  20 goblins
  10 hobgoblins
  17 jackals
  2 quokkas
  2 ball pythons
  5 giant cockroaches
  6 giant geckos
  A giant gecko skeleton (D:5)
  4 giant newts
  A giant spore (D:6)
  A jackal zombie (D:7)
  18 kobolds
  2 orc zombies (D:5)
  3 quokka skeletons
  40 rats
  2 ballistomycetes (D:6)
251 creatures vanquished.

Vanquished Creatures (others)
  A crimson imp (D:6)
1 creature vanquished.

Grand Total: 252 creatures vanquished

Notes
Turn   | Place    | Note
--------------------------------------------------------------
     0 | D:1      | Duskembrace, the Draconian Transmuter, began the quest for the Orb.
     0 | D:1      | Reached XP level 1. HP: 16/16 MP: 3/3
   296 | D:1      | Reached XP level 2. HP: 21/23 MP: 4/4
  1347 | D:2      | Reached XP level 3. HP: 13/28 MP: 6/6
  1355 | D:2      | Learned a level 3 spell: Spider Form
  1609 | D:2      | Reached skill level 4 in Unarmed Combat
  1809 | D:2      | Reached XP level 4. HP: 28/35 MP: 7/7
  2640 | D:3      | Noticed Ijyb
  2650 | D:3      | Killed Ijyb
  2650 | D:3      | Reached skill level 5 in Unarmed Combat
  2725 | D:3      | Reached XP level 5. HP: 33/40 MP: 2/9
  3115 | D:3      | Found a glowing golden altar of the Shining One.
  3230 | D:4      | Found a radiant altar of Vehumet.
  3324 | D:4      | Found an iron altar of Okawaru.
  3600 | D:4      | Found a white marble altar of Elyvilon.
  3603 | D:4      | Found a blossoming altar of Fedhas.
  3603 | D:4      | Found Resed's Distillery.
  3616 | D:4      | Bought a potion of heal wounds for 50 gold pieces
  3662 | D:4      | Noticed Grinder
  3664 | D:4      | Paralysed by Grinder for 3 turns
  3695 | D:4      | Killed Grinder
  3695 | D:4      | Reached skill level 6 in Unarmed Combat
  3695 | D:4      | Reached XP level 6. HP: 12/47 MP: 10/13
  3934 | D:4      | Learned a level 5 spell: Blade Hands
  4247 | D:4      | Your scales start taking on a glossy black colour.
  4247 | D:4      | Gained mutation: You are resistant to electric shocks. [draconian maturity]
  4247 | D:4      | Reached XP level 7. HP: 52/52 MP: 8/15
  4490 | D:4      | Found a basalt altar of Yredelemnul.
  4502 | D:4      | Found a bloodstained altar of Trog.
  4543 | D:4      | Noticed an ogre
  4549 | D:4      | Killed an ogre
  4549 | D:4      | Reached skill level 7 in Unarmed Combat
  4927 | D:4      | Noticed an ogre
  4936 | D:4      | Killed an ogre
  5085 | D:5      | Entered Level 5 of the Dungeon
  5089 | D:5      | Noticed Menkaure
  5103 | D:5      | Killed Menkaure
  5103 | D:5      | Reached skill level 8 in Unarmed Combat
  5194 | D:5      | Found a sparkling altar of Nemelex Xobeh.
  5503 | D:5      | Reached XP level 8. HP: 48/59 MP: 13/16
  5523 | D:5      | Found a glowing silver altar of Zin.
  5815 | D:5      | Noticed Eustachio
  5828 | D:5      | Killed Eustachio
  5828 | D:5      | Reached skill level 9 in Unarmed Combat
  6220 | D:6      | Found a staircase to the Ecumenical Temple.
  6247 | Temple   | Entered the Ecumenical Temple
  6392 | Temple   | Became a worshipper of Sif Muna the Loreminder
  6937 | D:6      | Reached skill level 10 in Unarmed Combat
  7028 | D:6      | Noticed Pikel
  7052 | D:6      | Killed Pikel
  7052 | D:6      | Acquired Sif Muna's first power
  7052 | D:6      | Reached skill level 5 in Transmutations
  7052 | D:6      | Reached XP level 9. HP: 14/64 MP: 11/20
  7837 | D:7      | Found an opulent altar of Gozag.
  8300 | D:7      | Learned a level 4 spell: Ice Form
  8907 | D:8      | Acquired Sif Muna's second power
  9059 | D:8      | Found a shadowy altar of Dithmenos.
  9672 | D:8      | Mangled by an orc warrior

Action                   |  1- 3 |  4- 6 |  7- 9 || total
-------------------------+-------+-------+-------++-------
Melee: Unarmed           |   145 |   216 |   406 ||   767
       Dagger            |     7 |       |       ||     7
Throw: Javelin           |       |     1 |     1 ||     2
       Tomahawk          |       |     1 |       ||     1
 Cast: Beastly Appendage |     1 |     3 |     7 ||    11
       Spider Form       |       |    11 |    17 ||    28
       Blade Hands       |       |       |     2 ||     2
  Use: Potion            |       |     4 |     1 ||     5
 Stab: Sleeping          |     1 |       |       ||     1
  Eat: Chunk             |     3 |    10 |    13 ||    26
       Bread ration      |       |       |     1 ||     1
       Pizza             |       |       |     1 ||     1
       Beef jerky        |       |       |     1 ||     1
